 Dungeon Crawl Stone Soup version 0.21-a0-263-gf26e180 (webtiles) character file.

1742 Nvm9 the Covered (level 8, -7/64 HPs)
             Began as a Demonspawn Fighter on Sept 8, 2017.
             Killed from afar by an electric eel (9 damage)
             ... with a bolt of electricity
             ... on level 7 of the Dungeon.
             The game lasted 00:09:13 (5725 turns).

Nvm9 the Covered (Demonspawn Fighter)               Turns: 5725, Time: 00:09:13

Health: -7/64      AC: 24    Str: 19    XL:     8   Next: 77%
Magic:  0/8        EV:  4    Int: 10    God:
Gold:   195        SH: 10    Dex: 14    Spells: 7/7 levels left

rFire    . . .     SeeInvis .   a - +1 war axe
rCold    . . .     Gourm    .   c - +0 shield
rNeg     . . .     Faith    .   w - +0 plate armour
rPois    .         Spirit   +   (helmet restricted)
rElec    .         Reflect  .   v - +1 cloak
rCorr    .         Harm     .   (no gloves)
MR       .....                  (no boots)
Stlth    ..........             (no amulet)
HPRegen  0.20/turn              (no ring)
MPRegen  0.11/turn              (no ring)

@: sanguine armour
A: hooves 1, horns 1, agile 1, sense surroundings 1, magic shield, rot immunity,
sanguine armour 2
a: no special abilities


You were on level 7 of the Dungeon.
You were hungry.

You visited 1 branch of the dungeon, and saw 7 of its levels.

You collected 195 gold pieces.

Inventory:

Hand Weapons
 a - a +1 war axe (weapon)
Missiles
 q - 8 tomahawks of dispersal (quivered)
Armour
 b - a +0 scale mail
 c - a +0 shield (worn)
 v - a +1 cloak (worn)
 w - a +0 plate armour (worn)
 x - a +2 helmet
 z - a +2 helmet
Wands
 d - a wand of polymorph (20/24)
 t - a wand of polymorph (15/24)
 y - a wand of lightning (3/15)
 D - a wand of clouds (2/9)
Scrolls
 e - 2 scrolls of remove curse
 h - 7 scrolls of identify
 i - a scroll of noise
 j - 2 scrolls of teleportation
 o - a scroll of immolation
 p - a scroll of recharging
 s - a scroll of enchant weapon
 A - a scroll of fear {unknown}
 B - a scroll of enchant armour
Potions
 l - a potion of heal wounds {unknown}
 m - a potion of berserk rage
 n - 2 potions of curing
 C - a potion of flight
Comestibles
 f - 4 bread rations
 g - 4 royal jellies
 k - 6 meat rations
 r - 8 chunks of flesh
 u - 4 fruits


   Skills:
 + Level 5.8 Fighting
 + Level 5.0 Axes
 * Level 7.1 Armour
 + Level 5.1 Shields


You had 7 spell levels left.
You didn't know any spells.

Dungeon Overview and Level Annotations

Branches:
Dungeon (7/15)             Temple (0/1) D:4

Altars:
Ashenzari
Fedhas
Gozag
Makhleb
Ru
Uskayaw
Vehumet
Wu Jian
Xom

Shops:
D:4 *

Annotations:
D:6 Eustachio


Innate Abilities, Weirdness & Mutations

You have large cloven feet.
When hurt, damage is shared between your health and your magic reserves.
You are immune to rotting.
When seriously injured, your bleeding wounds create thick armour. (AC +9)
You have a pair of small horns on your head.
You are agile. (Dex +2)
You passively map a small area around you.


Message History

You are too injured to fight recklessly!
Unknown command.
You are too injured to fight recklessly!
You closely miss the orc. You headbutt the orc.
You kill the orc!
You hear a splash.
You hit the orc.
You kill the orc!
The electric eel shoots out a bolt of lightning at you!
The bolt of electricity hits you!
* * * LOW HITPOINT WARNING * * *
The electric eel shoots out a bolt of lightning at you!
The bolt of electricity hits you!
* * * LOW HITPOINT WARNING * * *
The electric eel shoots out a bolt of lightning at you!
The bolt of electricity hits you!
* * * LOW HITPOINT WARNING * * *
The electric eel shoots out a bolt of lightning at you!
The bolt of electricity hits the plant.
The bolt of electricity hits you!
You die...

*
#.≈P≈≈≈PPPP♣P≈
#.PP≈♣PP≈PP;♣P
#.PP≈≈PP.#≈≈≈P
*
#.≈≈≈.≈...P.≈≈
.#.≈P≈).!...≈≈♣
**
...P♣≈.<....PP≈
≈
...≈≈≈).....PP≈
...P≈P≈........
...P≈≈.@.......
*
...............
.............##
,
.............#
.............#
.......#######
, ,..#.###* *
.... * , ,


You could see an electric eel.

Vanquished Creatures
  Grinder (D:3)
  A wyvern (D:6)
  An orc warrior (D:6)
  2 ogres
  A centaur (D:6)
  A big kobold (D:4)
  A bullfrog (D:5)
  2 scorpions
  A crimson imp (D:5)
  A howler monkey (D:6)
  A centaur skeleton (D:4)
  2 orc wizards
  A bullfrog zombie (D:6)
  3 orc priests
  A bullfrog skeleton (D:5)
  A hound (D:6)
  An iguana (D:4)
  Ijyb (D:4)
  7 worker ants
  A killer bee zombie (D:6)
  A hound skeleton (D:5)
  Robin (D:3)
  A worker ant zombie (D:5)
  7 adders
  An adder zombie (D:2)
  3 worms
  2 dart slugs
  5 leopard geckos
  21 orcs
  7 bats
  5 giant cockroaches
  9 hobgoblins
  7 jackals (D:3)
  26 kobolds
  4 quokkas
  2 ball pythons
  4 frilled lizards
  20 goblins
  6 rats
  4 plants (D:4)
167 creatures vanquished.

Vanquished Creatures (others)
  A howler monkey skeleton (D:4)
  A jackal (D:3)
  4 plants (D:4)
6 creatures vanquished.

Grand Total: 173 creatures vanquished

Notes
Turn   | Place    | Note
-------+----------+-------------------------------------------
     0 | D:1      | Nvm9 the Demonspawn Fighter began the quest for the Orb.
     0 | D:1      | Reached XP level 1. HP: 18/18 MP: 1/1
   181 | D:1      | Gained mutation: When seriously injured, your bleeding wounds create armour. (AC +9) [demonic ancestry]
   181 | D:1      | Reached XP level 2. HP: 24/24 MP: 2/2
   288 | D:1      | Reached skill level 3 in Armour
   615 | D:2      | Reached XP level 3. HP: 25/29 MP: 3/3
  1322 | D:2      | Found a shattered altar of Ashenzari.
  1460 | D:2      | Gained mutation: You are immune to rotting. [demonic ancestry]
  1460 | D:2      | Reached XP level 4. HP: 31/35 MP: 4/4
  1671 | D:2      | Found a burning altar of Makhleb.
  1671 | D:2      | Noticed a green death
  1674 | D:2      | Noticed a neqoxec
  1674 | D:2      | Noticed a hellwing
  1769 | D:3      | Noticed Grinder
  1795 | D:3      | Paralysed by Grinder for 5 turns
  1804 | D:3      | Paralysed by Grinder for 3 turns
  1812 | D:3      | Killed Grinder
  1812 | D:3      | Reached skill level 4 in Armour
  1812 | D:3      | Gained mutation: When hurt, damage is shared between your health and your magic reserves. [demonic ancestry]
  1812 | D:3      | Reached XP level 5. HP: 19/42 MP: 5/5
  1812 | D:3      | Gained mutation: You have large cloven feet. [demonic ancestry]
  1812 | D:3      | Reached XP level 6. HP: 21/48 MP: 6/6
  2020 | D:3      | Noticed Robin
  2037 | D:3      | Killed Robin
  2225 | D:3      | Noticed a hand axe
  2227 | D:3      | Noticed a hand axe
  2228 | D:3      | Found a hide-covered altar of Uskayaw.
  2801 | D:3      | Found an ornate altar of the Wu Jian Council.
  3104 | D:4      | Reached skill level 5 in Armour
  3165 | D:4      | Gained mutation: When seriously injured, your bleeding wounds create thick armour. (AC +9) [demonic ancestry]
  3165 | D:4      | Reached XP level 7. HP: 49/55 MP: 5/7
  3217 | D:4      | Found a radiant altar of Vehumet.
  3290 | D:4      | Found a staircase to the Ecumenical Temple.
  3616 | D:4      | Noticed Ijyb
  3635 | D:4      | Killed Ijyb
  3883 | D:4      | Found a shimmering altar of Xom.
  3998 | D:4      | Found an opulent altar of Gozag.
  3999 | D:4      | Found Gozag's Platinum Reserve.
  4441 | D:5      | Entered Level 5 of the Dungeon
  4471 | D:5      | Found a blossoming altar of Fedhas.
  4536 | D:5      | Gained mutation: You are agile. (Dex +2) [potion of mutation]
  4536 | D:5      | Gained mutation: You have a pair of small horns on your head. [potion of mutation]
  4536 | D:5      | Gained mutation: You passively map a small area around you. [potion of mutation]
  4684 | D:5      | Reached skill level 6 in Armour
  4924 | D:5      | Reached XP level 8. HP: 55/61 MP: 6/8
  5043 | D:5      | Reached skill level 5 in Fighting
  5528 | D:6      | Found a sacrificial altar of Ru.
  5653 | D:6      | Reached skill level 7 in Armour
  5653 | D:6      | Reached skill level 5 in Shields
  5656 | D:6      | Reached skill level 5 in Axes
  5657 | D:6      | Noticed a death knight
  5662 | D:6      | Noticed Eustachio
  5724 | D:7      | HP: 2/64 [electric eel/bolt of electricity (7)]
  5725 | D:7      | Killed from afar by an electric eel

Vault maps used:
D:1:      mainiacjoe_arrival_reflecting_pool
D:2:      makhleb_altar_promises_db, nicolae_overflow_crystal_walls,
          minmay_octomino_j4
D:3:      lemuel_doored_altar, dancing_weapons_uskayaw, first_bread, uniq_robin,
          uniq_grinder
D:4:      kennysheep_kobold_camp, kennysheep_mini_moat,
          nicolae_gozag_zags_fifth_avenue, fiery_altar_vehumet, temple_statues,
          serial_co_window_serial, co_window_of_opportunity_a,
          co_window_paths_b, co_window_of_opportunity_a, co_window_corner_a,
          co_window_corner_a, co_window_broadway_c, co_window_cross_4,
          co_window_corner_b, glass_columns_c, glass_columns_b, glass_columns_a,
          glass_columns_c, glass_columns_a, uniq_ijyb
D:5:      kennysheep_little_box
D:6:      nicolae_ru_great_annihilating_truth, uniq_eustachio
D:7:      zin_treasury, old_standard_altar, trog_eyes_of_draining, serial_bayou,
          serial_bayou_pond_c, serial_bayou_lake_a, serial_bayou_crossing,
          serial_bayou_lagoon_a

Skill      XL: |  1  2  3  4  5  6  7  8 |
---------------+-------------------------+-----
Axes           | 2 3 4 5 |  5.0
Armour         | 3 4 5 6 7 |  7.1
Shields        | 3 4 5 |  5.1
Fighting       | 4 5 |  5.8

Action                   |  1- 3 |  4- 6 |  7- 9 || total
-------------------------+-------+-------+-------++-------
Melee: War axe           |   123 |   139 |   230 ||   492
       Unarmed           |       |    50 |       ||    50
       Kick              |       |    30 |    59 ||    89
       Headbutt          |       |       |    30 ||    30
  Use: Potion            |       |     1 |     6 ||     7
       Scroll            |       |       |     8 ||     8
 Stab: Invisible         |       |       |     1 ||     1
       Paralysed         |       |       |     1 ||     1
  Eat: Chunk             |     2 |     3 |     2 ||     7
       Bread ration      |       |     1 |     1 ||     2
Armor: Scale mail        |    72 |    41 |       ||   113
       Skin              |       |    24 |       ||    24
       Plate armour      |       |    45 |   161 ||   206
Dodge: Dodged            |    44 |   103 |    28 ||   175
Block: Shield            |    68 |    73 |   135 ||   276

Table legend:
 A = Spawn XP
 B = Non-spawn XP
 C = Spawn XP percentage of total XP
 D = Spawn monster count
 E = Non-spawn monster count
 F = Spawn count percentage of total count
 G = Total turns spent on level
                    A         B        C        D         E        F      G
               +---------+---------+-------+---------+---------+-------+---------
         Total |       0 |    2489 |   0.0 |       0 |     163 |   0.0 |  5725
               +---------+---------+-------+---------+---------+-------+---------
           D:1 |       0 |      40 |   0.0 |       0 |      23 |   0.0 |   612
           D:2 |       0 |      65 |   0.0 |       0 |      19 |   0.0 |  1113
           D:3 |       0 |     415 |   0.0 |       0 |      42 |   0.0 |  1342
           D:4 |       0 |     654 |   0.0 |       0 |      37 |   0.0 |  1374
           D:5 |       0 |     439 |   0.0 |       0 |      20 |   0.0 |  1056
           D:6 |       0 |     870 |   0.0 |       0 |      20 |   0.0 |   224
           D:7 |       0 |       6 |   0.0 |       0 |       2 |   0.0 |     4
               +---------+---------+-------+---------+---------+-------+---------
